 Dungeon Crawl Stone Soup version 0.19.5 (webtiles) character file.

390 HeyBub the Carver (level 6, -2/52 HPs)
             Began as a Minotaur Monk on Apr 27, 2017.
             Slain by an ooze (3 damage)
             ... in a sewer.
             The game lasted 00:02:22 (1609 turns).

HeyBub the Carver (Minotaur Monk)                   Turns: 1609, Time: 00:02:22

Health: -2/52      AC:  2    Str: 17    XL:     6   Next: 50%
Magic:  5/5        EV: 13    Int:  7    God:
Gold:   22         SH:  0    Dex: 13    Spells: 0 memorised, 5 levels left

rFire  . . .     SeeInvis .     o - +2 falchion (elec)
rCold  . . .     Gourm    .     b - +0 robe
rNeg   . . .     Faith    .     (no shield)
rPois  .         Spirit   .     (helmet restricted)
rElec  .         Reflect  .     (no cloak)
rCorr  .         Harm     .     (no gloves)
MR     .....                    (no boots)
Stlth  +.........               (no amulet)
                                (no ring)
                                (no ring)

@: no status effects
A: retaliatory headbutt, horns 2
a: no special abilities


You were in a sewer.
You were not hungry.

You visited 1 branch of the dungeon, and saw 3 of its levels.
You also visited: Sewer.

You collected 22 gold pieces.

Inventory:

Hand Weapons
 a - a +0 falchion
 o - a +2 falchion of electrocution (weapon)
Armour
 b - a +0 robe (worn)
Scrolls
 d - 2 scrolls of fear {unknown}
 g - 2 scrolls of blinking {unknown}
 h - 2 scrolls of magic mapping {unknown}
 j - 2 scrolls of identify {unknown}
 k - 2 scrolls of remove curse {unknown}
 n - 2 scrolls of enchant armour {unknown}
 p - a scroll of amnesia {unknown}
 q - 4 scrolls of recharging {unknown}
Potions
 e - a potion of invisibility {unknown}
 f - 2 potions of curing {unknown}
 m - 2 potions of haste {unknown}
Comestibles
 c - 2 bread rations


   Skills:
 - Level 3.8 Fighting
 + Level 8.8 Long Blades
 - Level 3.3 Dodging
 - Level 1.5 Stealth


You had 5 spell levels left.
You didn't know any spells.

Dungeon Overview and Level Annotations

Branches:
Dungeon (3/15)

Altars:
Gozag
Makhleb
Ru
Xom
Yredelemnul


Innate Abilities, Weirdness & Mutations

You reflexively headbutt those who attack you in melee.
You have a pair of horns on your head.


Message History

The big kobold shoots a bolt.
The bolt hits you!
* * * LOW HITPOINT WARNING * * *
You hear a splash.
The ooze closely misses you. You furiously retaliate!
You headbutt the ooze, but do no damage.
You are too injured to fight recklessly!
You are too injured to fight recklessly!
Unknown command.
You are too injured to fight recklessly!
You are too injured to fight recklessly!
You are too injured to fight recklessly!
Your unstable footing causes you to fumble your attack.
The big kobold shoots a bolt.
The bolt hits you!
* * * LOW HITPOINT WARNING * * *
You hear a splash.
The ooze splashes around in the water.
You hit the ooze.
The ooze is heavily wounded.
The ooze hits you.
You die...

#≈≈≈≈≈. #≈≈≈...
####### ##≈≈≈≈..
#.≈≈≈≈##### ##..≈≈.≈.
#####≈.≈.≈####....##≈.
#.≈≈†≈###≈...≈.≈≈####.
####### #≈≈≈≈≈≈≈.# ##≈
#.K≈≈≈###≈≈.≈≈..####.≈
#@((≈.########≈≈≈.
#.≈≈J≈##### #.≈≈≈.
####### #.≈≈.# #≈..##
#≈≈.# #≈≈≈# ##≈≈≈##
#≈≈≈≈≈# #≈###≈#


You could see a big kobold and an ooze.

Vanquished Creatures
  Sigmund (D:3)
  A big kobold (Sewer)
  An orc priest (D:3)
  Natasha (D:3)
  An adder (D:2)
  3 oozes (Sewer)
  3 dart slugs
  7 leopard geckos
  6 orcs (D:3)
  7 giant cockroaches
  6 goblins
  6 hobgoblins
  3 jackals (D:1)
  4 ball pythons
  4 bats (D:1)
  3 frilled lizards
  10 kobolds
  6 rats
73 creatures vanquished.

Notes
Turn   | Place    | Note
-------+----------+-------------------------------------------
     0 | D:1      | HeyBub the Minotaur Monk began the quest for the Orb.
     0 | D:1      | Reached XP level 1. HP: 19/19 MP: 0/0
   120 | D:1      | Reached skill level 4 in Long Blades
   122 | D:1      | Reached XP level 2. HP: 16/27 MP: 1/1
   630 | D:2      | Reached XP level 3. HP: 33/33 MP: 2/2
   649 | D:2      | Reached skill level 5 in Long Blades
   840 | D:2      | Found a shimmering altar of Xom.
   842 | D:2      | Found a blossoming altar of Fedhas.
   842 | D:2      | Found a basalt altar of Yredelemnul.
   844 | D:2      | Found a burning altar of Makhleb.
   844 | D:2      | Found an opulent altar of Gozag.
   844 | D:2      | Found a sacrificial altar of Ru.
   992 | D:3      | Noticed Natasha
   996 | D:3      | Killed Natasha
   996 | D:3      | Reached skill level 6 in Long Blades
   996 | D:3      | Reached XP level 4. HP: 20/40 MP: 3/3
  1115 | D:3      | Noticed Sigmund
  1123 | D:3      | Killed Sigmund
  1123 | D:3      | Reached skill level 7 in Long Blades
  1123 | D:3      | Reached XP level 5. HP: 31/46 MP: 4/4
  1227 | D:3      | Reached skill level 8 in Long Blades
  1227 | D:3      | Reached XP level 6. HP: 31/52 MP: 5/5
  1394 | D:3      | Found a glowing drain.
  1456 | Sewer    | Entered a sewer
  1608 | Sewer    | HP: 1/52 [big kobold/bolt (11)]
  1609 | Sewer    | Slain by an ooze

Skill      XL: |  1  2  3  4  5 |
---------------+----------------+-----
Long Blades    | 4 6 7 8 |  8.8
Fighting       | |  3.8
Dodging        | |  3.3
Stealth        | |  1.5

Action                   |  1- 3 |  4- 6 || total
-------------------------+-------+-------++-------
Melee: Falchion          |    76 |    77 ||   153
       Headbutt          |    15 |    14 ||    29
 Stab: Sleeping          |     4 |       ||     4
  Eat: Meat ration       |       |     1 ||     1
       Beef jerky        |       |     1 ||     1
Armor: Robe              |    10 |    10 ||    20
Dodge: Dodged            |    66 |    40 ||   106
       Rpst.: Falchion   |    17 |    10 ||    27
